 Dungeon Crawl Stone Soup version 0.21.3-3-g218456f21e (webtiles) character file.

1649 CurlyBrace the Fighter (level 8, -19/41 HPs)
             Began as a Felid Earth Elementalist on Feb 17, 2021.
             Was an Elder of Cheibriados.
             Demolished by CurlyBrace's ghost (23 damage)
             ... on level 2 of the Orcish Mines.
             The game lasted 00:44:24 (3019 turns).

CurlyBrace the Fighter (Felid Earth Elementalist)   Turns: 3019, Time: 00:44:24

Health: -19/41     AC:  2    Str: 14    XL:     8   Next: 67%
Magic:  9/15       EV: 26    Int: 29    God:    Cheibriados [****..]
Gold:   272        SH:  0    Dex: 25    Spells: 3/15 levels left
                                        Lives:  0   Deaths: 3

rFire    . . .     SeeInvis +     - Unarmed
rCold    . . .     Gourm    .   (shield unavailable)
rNeg     . . .     Faith    .   (armour unavailable)
rPois    .         Spirit   .   (helmet unavailable)
rElec    .         Reflect  .   (cloak unavailable)
rCorr    .         Harm     .   (gloves unavailable)
MR       +....                  (boots unavailable)
Stlth    +++++.....             (no amulet)
HPRegen  0.13/turn              (no ring)
MPRegen  0.14/turn              (no ring)

@: very slow
A: very small, no armour, no weapons or thrown items, stealth, claws 1, fangs 3,
see invisible, carnivore, speed 1, shaggy fur 2, slow metabolism 1, sharp paws
a: Bend Time, Temporal Distortion, Slouch, Renounce Religion


You were on level 2 of the Orcish Mines.
You worshipped Cheibriados.
Cheibriados was greatly pleased with you.
You were not hungry.

You visited 3 branches of the dungeon, and saw 12 of its levels.
You also visited: Sewer.

You collected 362 gold pieces.
You spent 90 gold pieces at shops.

Inventory:

Missiles
 b - 19 stones
 g - 68 arrows
Jewellery
 j - an uncursed amulet of harm {unknown}
   (You found it on level 7 of the Dungeon)
Scrolls
 x - 2 scrolls of remove curse
Books
 d - a book of Geomancy

   Spells                             Type                      Level
   a - Sandblast                      Earth                        1
   b - Passwall                       Transmutation/Earth          2
   c - Stone Arrow                    Conjuration/Earth            3
   d - Petrify                        Transmutation/Earth          4
   e - Lee's Rapid Deconstruction     Earth                        5
Comestibles
 e - 4 rations


   Skills:
 * Level 8.6 Fighting
 + Level 7.8 Dodging
 + Level 8.5 Stealth
 * Level 8.6 Unarmed Combat
 - Level 4.0 Spellcasting
 - Level 4.1 Transmutations
 - Level 5.0 Earth Magic
   Level 1.3 Evocations


You had 3 spell levels left.
You knew the following spells:

 Your Spells              Type           Power        Failure   Level  Hunger
a - Sandblast             Erth           #####.       1%          1    None
b - Passwall              Tmut/Erth      ####......   1%          2    None
c - Petrify               Tmut/Erth      ####....     11%         4    ####...
d - Lee's Rapid Deconstr  Erth           #####.....   24%         5    #####..


Dungeon Overview and Level Annotations

Branches:
Dungeon (9/15)             Temple (1/1) D:6             Orc (2/2) D:9
   Lair: D:8-11         Elf: Orc:2

Altars:
Cheibriados
Kikubaaqudgha
Nemelex Xobeh
Qazlal
Zin

Shops:
Orc:1 *

Annotations:
D:5 MordorOrchid's ghost, novice OpFi
Orc:1 exclusions: orc, orc sorcerer, orc warrior and orc wizard
Orc:2 CurlyBrace's ghost, novice FeEE; Xiguana's ghost, journeyman BaAE


Innate Abilities, Weirdness & Mutations

You cannot wear armour.
You are incapable of wielding weapons or throwing items.
Your paws allow you to move quietly. (Stealth)
You have sharp claws.
You have razor-sharp teeth.
You have supernaturally acute eyesight. (SInv)
You are carnivorous and can eat meat at any time.
You cover ground quickly.
You are covered in thick fur. (AC +2)
You have a slow metabolism.
Your sharp claws are effective at attacking unaware monsters.


Message History

Confirm with . or Enter, or press ? or * to list all spells.
Aiming: Sandblast
Press: ? - help, Shift-Dir - straight line, f/p - CurlyBrace's ghost
Aim: CurlyBrace's ghost (severely damaged)
The blast of sand hits CurlyBrace's ghost.
CurlyBrace's ghost is almost destroyed.
b - 20 stones CurlyBrace's ghost hits you!
* * * LOW HITPOINT WARNING * * *
Unknown command.
Casting: Sandblast
Confirm with . or Enter, or press ? or * to list all spells.
Aiming: Sandblast
Press: ? - help, Shift-Dir - straight line, f/p - CurlyBrace's ghost
Aim: CurlyBrace's ghost (almost destroyed)
The blast of sand misses CurlyBrace's ghost.
b - 19 stones CurlyBrace's ghost hits you!!
Ouch! That really hurt!
You die...

..###.#........
.................
..................
#.................
#................
#................
#...............
##.............
#......@.......
##......W.#....
###..#...## ..
#.........#
##.........
#...........
##..........
...........
.......


You could see CurlyBrace's ghost.

Vanquished Creatures
  An orc high priest (Orc:2)
  An orc sorcerer (Orc:2)
  An ugly thing (D:8)
  Joseph (D:7)
  A rust devil (Orc:2)
  An ice devil (Orc:2)
  A hornet (D:8)
  3 hippogriffs
  2 wargs
  13 orc warriors
  2 ice beasts
  A phantom (D:8)
  5 ogres
  A centaur (D:9)
  A bullfrog (D:9)
  A scorpion (D:5)
  A water moccasin skeleton (D:7)
  4 killer bees (D:7)
  An electric eel (D:7)
  2 crimson imps
  2 hounds
  6 orc priests
  2 bullfrog skeletons
  A gnoll shaman (Orc:2)
  5 orc wizards
  2 iguanas (D:6)
  6 worker ants
  4 gnolls (Orc:2)
  3 adders
  A shadow imp (D:3)
  7 oozes
  5 worms
  2 dart slugs
  4 leopard geckos
  22 orcs
  6 giant cockroaches
  3 goblins
  3 hobgoblins (D:3)
  2 jackals (D:4)
  2 quokkas (D:5)
  4 ball pythons
  7 bats
  5 frilled lizards
  6 kobolds
  2 rats (D:3)
156 creatures vanquished.

Notes
Turn   | Place    | Note
-------+----------+-------------------------------------------
     0 | D:1      | CurlyBrace the Felid Earth Elementalist began the quest for the Orb.
     0 | D:1      | Reached XP level 1. HP: 7/7 MP: 4/4
    98 | D:2      | Found an ancient bone altar of Kikubaaqudgha.
   145 | D:2      | Reached XP level 2. HP: 11/11 MP: 1/6
   149 | D:2      | Learned a level 2 spell: Passwall
   194 | D:2      | Found a snail-covered altar of Cheibriados.
   202 | D:2      | Became a worshipper of Cheibriados the Contemplative
   247 | D:2      | Found a snail-covered altar of Cheibriados.
   312 | D:3      | Found a sparkling altar of Nemelex Xobeh.
   426 | D:3      | Reached XP level 3. HP: 12/15 MP: 1/7
   451 | D:3      | Reached skill level 1 in Unarmed Combat
   460 | D:3      | Reached skill level 1 in Fighting
   478 | D:4      | Noticed an ogre
   497 | D:4      | Killed an ogre
   497 | D:4      | Reached XP level 4. HP: 17/19 MP: 0/8
   515 | D:4      | Reached * piety under Cheibriados
   515 | D:4      | Reached XP level 5. HP: 22/22 MP: 2/9
   566 | D:3      | Found a glowing drain.
   593 | Sewer    | Entered a sewer
   982 | D:3      | Reached ** piety under Cheibriados
  1104 | D:5      | Entered Level 5 of the Dungeon
  1117 | D:5      | Gained mutation: You are covered in thick fur. (AC +2) [Felid growth]
  1117 | D:5      | Reached XP level 6. HP: 21/27 MP: 7/11
  1187 | D:5      | Reached skill level 1 in Evocations
  1198 | D:5      | Noticed MordorOrchid's ghost (novice OpFi)
  1336 | D:6      | Found a staircase to the Ecumenical Temple.
  1346 | Temple   | Entered the Ecumenical Temple
  1528 | D:7      | Learned a level 5 spell: Lee's Rapid Deconstruction
  1544 | D:7      | Reached XP level 7. HP: 24/31 MP: 10/12
  1545 | D:7      | Noticed Joseph
  1564 | D:7      | HP: 2/48 [poisoned by a killer bee]
  1566 | D:7      | Succumbed to a killer bee's poison
  1567 | D:7      | Reached XP level 6. HP: 0/42 MP: 2/11
  1646 | D:7      | Reached *** piety under Cheibriados
  1655 | D:7      | Noticed a sky beast
  1659 | D:7      | Noticed an ice beast
  1659 | D:7      | a sky beast changed into an ice beast
  1678 | D:7      | Killed an ice beast
  1678 | D:7      | Reached XP level 7. HP: 33/33 MP: 12/12
  1721 | D:7      | Learned a level 4 spell: Petrify
  1916 | D:6      | Found a stormy altar of Qazlal.
  1970 | D:7      | Killed Joseph
  1970 | D:7      | Reached skill level 5 in Fighting
  1970 | D:7      | Reached skill level 5 in Unarmed Combat
  2001 | D:7      | Reached skill level 5 in Stealth
  2001 | D:7      | Reached XP level 8. HP: 20/37 MP: 11/13
  2074 | D:8      | Noticed a hornet
  2087 | D:8      | Killed a hornet
  2087 | D:8      | Reached skill level 5 in Dodging
  2100 | D:8      | Noticed a hippogriff
  2106 | D:8      | Noticed a hippogriff
  2111 | D:8      | Killed a hippogriff
  2119 | D:8      | Killed a hippogriff
  2131 | D:8      | Noticed a green ugly thing
  2155 | D:8      | Killed a green ugly thing
  2155 | D:8      | Reached XP level 9. HP: 19/42 MP: 2/16
  2263 | D:9      | Found a staircase to the Orcish Mines.
  2304 | D:9      | Found Zin's Purification Station.
  2310 | D:9      | Found a glowing silver altar of Zin.
  2313 | D:9      | Bought a potion of curing for 90 gold pieces
  2410 | Orc:1    | Entered Level 1 of the Orcish Mines
  2428 | Orc:1    | Reached **** piety under Cheibriados
  2561 | Orc:1    | Noticed an orc sorcerer
  2585 | Orc:1    | Found Luups's Assorted Antiques.
  2588 | Orc:2    | Entered Level 2 of the Orcish Mines
  2782 | Orc:2    | Noticed an orc sorcerer
  2791 | Orc:2    | Killed an orc sorcerer
  2791 | Orc:2    | Reached XP level 10. HP: 48/48 MP: 7/17
  2847 | Orc:2    | Noticed a rust devil
  2851 | Orc:2    | Noticed an orc knight
  2854 | Orc:2    | Killed a rust devil
  2857 | Orc:2    | Noticed Xiguana's ghost (journeyman BaAE)
  2857 | Orc:2    | Noticed an orc high priest
  2860 | Orc:2    | Killed an orc high priest
  2860 | Orc:2    | Reached skill level 5 in Earth Magic
  2862 | Orc:2    | Killed from afar by a warg
  2863 | Orc:2    | Reached XP level 9. HP: 1/45 MP: 4/16
  2941 | Orc:2    | Killed an ice devil
  3004 | Orc:2    | Slain by Xiguana's ghost
  3005 | Orc:2    | Reached XP level 8. HP: -2/41 MP: 12/15
  3011 | Orc:2    | Noticed CurlyBrace's ghost (novice FeEE)
  3019 | Orc:2    | Demolished by CurlyBrace's ghost

Skill      XL: |  1  2  3  4  5  6  7  8  9 10 |
---------------+-------------------------------+-----
Dodging        | 3 4 5 6 7 |  7.8
Stealth        | 3 4 5 6 7 8 |  8.5
Earth Magic    | 3 4 5 |  5.0
Unarmed Combat | 2 4 5 6 7 8 |  8.6
Fighting       | 2 3 5 6 7 8 |  8.6
Transmutations | 2 3 4 |  4.1
Spellcasting   | 3 4 |  4.0
Evocations     | 1 |  1.3

Action                   |  1- 3 |  4- 6 |  7- 9 | 10-12 || total
-------------------------+-------+-------+-------+-------++-------
Melee: Unarmed           |    38 |   112 |   145 |    16 ||   311
       Bite              |     3 |    11 |    14 |     3 ||    31
       Punch             |       |     1 |     4 |       ||     5
 Cast: Sandblast         |    28 |    46 |    56 |       ||   130
       Passwall          |     2 |    14 |    22 |       ||    38
       Petrify           |       |       |    21 |     3 ||    24
Invok: Slouch            |       |       |       |     1 ||     1
Evoke: Wand              |       |    11 |     8 |       ||    19
  Use: Scroll            |     5 |     6 |     4 |     2 ||    17
       Potion            |     3 |     4 |     6 |       ||    13
 Stab: Sleeping          |     5 |     4 |    10 |     1 ||    20
       Confused          |       |     2 |       |       ||     2
       Distracted        |       |     1 |       |       ||     1
       Petrified         |       |       |    22 |     2 ||    24
       Petrifying        |       |       |     2 |     3 ||     5
  Eat: Chunk             |       |     8 |     9 |       ||    17
Armor: Skin              |     3 |    17 |    39 |       ||    59
Dodge: Dodged            |    57 |   126 |   141 |    16 ||   340
